 Dungeon Crawl Stone Soup version 0.18-a0-125-g4c9da24 (webtiles) character file.

91 Proton the Skirmisher (level 4, -2/29 HPs)
             Began as a Gargoyle Fighter on Nov 21, 2015.
             Was a Follower of Cheibriados.
             Killed from afar by Sigmund (10 damage)
             ... with a puff of flame
             ... on level 3 of the Dungeon.
             The game lasted 00:02:56 (1431 turns).

Proton the Skirmisher (Gargoyle Fighter)            Turns: 1431, Time: 00:02:56

Health: -2/29      AC: 10    Str: 24    XL:     4   Next: 59%
Magic:  1/4        EV:  8    Int: 11    God:    Cheibriados [*.....]
Gold:   136        SH: 15    Dex: 12    Spells: 0 memorised, 3 levels left

rFire  . . .     SeeInvis .     a - +0 flail
rCold  . . .     Clarity  .     b - +0 scale mail
rNeg   + . .     SustAt   .     q - +0 large shield
rPois  ∞         Gourm    .     (no helmet)
rElec  +         Spirit   .     (no cloak)
rCorr  .         Warding  .     (no gloves)
rMut   .         Stasis   .     (no boots)
MR     .....                    (no amulet)
Stlth  ..........               n - +2 ring of evasion
                                o - +2 ring of slaying

@: very slow, not resistant to hostile enchantments, extremely unstealthy
A: negative energy resistance 1, electricity resistance, unbreathing,
petrification resistance, rot immunity, AC +3
a: Bend Time, Renounce Religion


You were on level 3 of the Dungeon.
You worshipped Cheibriados.
Cheibriados was aware of your devotion.
You were not hungry.

You visited 1 branch of the dungeon, and saw 3 of its levels.

You collected 136 gold pieces.

Inventory:

Hand Weapons
 a - a +0 flail (weapon)
Armour
 b - a +0 scale mail (worn)
 q - a +0 large shield (worn)
Jewellery
 n - a +2 ring of evasion (right hand)
 o - a +2 ring of slaying (left hand)
Scrolls
 c - a scroll of recharging {unknown}
 i - 3 scrolls of remove curse {unknown}
 k - 3 scrolls of identify {unknown}
 p - 3 scrolls of enchant armour {unknown}
 s - a scroll of enchant weapon {unknown}
Potions
 d - 3 potions of might
 f - a potion of lignification {unknown}
 g - a potion of curing {unknown}
 h - a potion of mutation {unknown}
 j - a potion of magic {unknown}
 l - a potion of poison {unknown}
 m - a potion of degeneration {unknown}
Comestibles
 e - 3 bread rations
 r - a royal jelly


   Skills:
 + Level 4.0 Fighting
 + Level 2.6 Maces & Flails
 + Level 3.8 Armour
 + Level 0.8 Dodging
 + Level 3.9 Shields
 + Level 0.7 Invocations


You had 3 spell levels left.
You didn't know any spells.

Dungeon Overview and Level Annotations

Branches:
Dungeon (3/15)

Altars:
Cheibriados
Makhleb
Yredelemnul
The Shining One

Annotations:
D:3 Sigmund


Innate Abilities, Weirdness & Mutations

You are resistant to torment.
Your stone body is resilient (AC +3).
You are immune to poison.
You resist negative energy.
You are resistant to electric shocks.
You can survive without breathing.
You are immune to petrification.
You are immune to rotting.


Message History

Sigmund is nearby!
Sigmund points at you and mumbles some strange words.
You are confused.
Sigmund casts a spell.
Sigmund flickers and vanishes!
Deactivating autopickup; reactivate with Ctrl-A.
You bump into the rock wall.
Something hits you!
You're too confused to move!
You're too confused to move!
You miss something. Something hits you!
You feel less confused. Something hits you.
* * * LOW HITPOINT WARNING * * *
The flow of time bends around you.
You feel slightly more hungry. You block its attack.
You miss something.
You hear some strange, mumbled words.
A puff of flame appears from out of thin air!
The puff of flame hits you!
You die...

#.#...).........#
####.#.##.......##.#
#
.......####...#.##.#
##. #.........#.##.#
...#
####.#####.##.##.#
.#(..#....#
###....##.#
.....#....#
#.....###.#
#.....###
#####.###.#
#....#@.# #.....#
###...%.# #.#####
#..#(....# ###
#..#..#....#
######.....# #.
#...#... #. . ..#...
#. ##. ### #. #. #..
#[


There were no monsters in sight!

Vanquished Creatures
  3 adders
  A shadow imp (D:2)
  2 oozes
  A worm (D:2)
  3 giant geckos
  A giant cockroach (D:1)
  7 hobgoblins
  2 bats
  5 giant newts
  5 goblins
  7 kobolds
  7 rats
44 creatures vanquished.

Notes
Turn   | Place    | Note
--------------------------------------------------------------
     0 | D:1      | Proton the Gargoyle Fighter began the quest for the Orb.
     0 | D:1      | Reached XP level 1. HP: 14/14 MP: 1/1
   106 | D:1      | Reached XP level 2. HP: 19/19 MP: 2/2
   490 | D:1      | Found a snail-covered altar of Cheibriados.
   502 | D:1      | Became a worshipper of Cheibriados the Contemplative
   583 | D:2      | Found a faded altar to an unknown god.
   614 | D:2      | Reached XP level 3. HP: 23/23 MP: 3/3
   788 | D:2      | Found a burning altar of Makhleb.
   930 | D:2      | Found a basalt altar of Yredelemnul.
   932 | D:2      | Noticed a profane servitor
   946 | D:2      | Found a glowing golden altar of the Shining One.
   948 | D:2      | Noticed an angel
   994 | D:2      | Reached * piety under Cheibriados
   994 | D:2      | Reached XP level 4. HP: 29/29 MP: 4/4
  1417 | D:3      | Reached skill level 4 in Fighting
  1418 | D:3      | Noticed Sigmund
  1431 | D:3      | Killed from afar by Sigmund

Vault maps used:
D:1:      minmay_arrival_four_circles, cheibriados_altar_1
D:2:      makhleb_grotto_becter, grunt_temple_overflow_holy_war,
          ecumenical_altar_2
D:3:      roderic_three_in_a_row, hangedman_decor_push, uniq_sigmund

Action                   |  1- 3 |  4- 6 || total
-------------------------+-------+-------++-------
Melee: Flail             |   113 |    36 ||   149
Invok: Bend Time         |       |     1 ||     1
  Eat: Pizza             |       |     1 ||     1
